 Dungeon Crawl Stone Soup version 0.32-a0-953-g508020473e (webtiles) character file.

Game seed: 11253765761719765822

193 Autsider the Sneak (level 5, 0/28 HPs)
             Began as a Vine Stalker Warper on Apr 16, 2024.
             Succumbed to a killer bee's poison
             ... on level 4 of the Dungeon.
             The game lasted 00:05:40 (2128 turns).

Autsider the Sneak (Vine Stalker Warper)            Turns: 2128, Time: 00:05:40

Health: 0/28       AC:  4    Str: 13    XL:     5   Next: 72%
Magic:  1/9        EV: 10    Int: 13    God:
Gold:   181        SH:  0    Dex: 16    Spells: 8/8 levels left

rFire   . . .        o - +3 short sword
rCold   . . .        (no shield)
rNeg    . . .        b - +0 leather armour
rPois   .            (no helmet)
rElec   .            (no cloak)
rCorr   .            (no gloves)
SInv    .            r - +0 pair of boots
Will    .....        (no amulet)
Stlth   ++           i - ring of flight
HPRegen 1.04/turn    (no ring)
MPRegen 0.11/turn

%: guardian spirit
@: lethally poisoned (0 -> -5), attractive, flying
A: fangs 2, regeneration 1, magic shield, antimagic bite, no potion heal 2
a: no special abilities


You were on level 4 of the Dungeon.
You visited 1 branch of the dungeon, and saw 5 of its levels.

You collected 181 gold pieces.

Inventory:

Hand Weapons
 a - a +0 short sword
 o - a +3 short sword (weapon)
Missiles
 d - 7 darts of dispersal (quivered)
 s - 14 poisoned darts
 t - 5 javelins
 w - a throwing net
Armour
 b - a +0 leather armour (worn)
 r - a +0 pair of boots (worn)
Jewellery
 i - a ring of flight (left hand)
 m - a ring of fire
Talismans
 e - a beast talisman
Wands
 q - a wand of light (7)
Scrolls
 c - 2 scrolls of poison {unknown}
 h - 2 scrolls of teleportation {unknown}
 j - a scroll of immolation {unknown}
 k - 2 scrolls of brand weapon {unknown}
 n - a scroll of amnesia {unknown}
 u - a scroll of fear {unknown}
 v - a scroll of blinking
 y - a scroll of enchant armour {unknown}
Potions
 f - a potion of curing {unknown}
 g - 3 potions of attraction
 l - a potion of berserk rage {unknown}
 p - 2 potions of degeneration {unknown}
 x - a potion of heal wounds {unknown}


   Skills:
 + Level 3.3 Fighting
 + Level 3.2 Short Blades
 - Level 0.8 Throwing
 - Level 0.7 Armour
 - Level 1.5 Dodging
 + Level 3.8 Stealth
 - Level 2.1 Spellcasting
 - Level 3.0 Translocations


You had 8 spell levels left.
You didn't know any spells.
Your spell library contained the following spells:

 Spells                   Type           Power      Damage    Failure   Level
 Blink                    Tloc           18%        N/A       14%         2
 Lesser Beckoning         Tloc           18%        N/A       14%         2
 Maxwell's Portable Pile  Tloc           9%         2d(6-16)  28%         3
 Teleport Other           Tloc           9%         N/A       28%         3
 Cigotuvi's Dreadful Rot  Necr/Alch/Air  2%         N/A       43%         2
 Vhi's Electric Charge    Tloc/Air       10%        N/A       86%         4
 Ignite Poison            Fire/Alch      1%         N/A       97%         4
 Freezing Cloud           Conj/Ice/Air   0%         6-21      100%        5


Dungeon Overview and Level Annotations

Branches:
Dungeon (5/15)
 Temple: D:4-7

Altars:

Shops:
D:4 :   D:5 (

Annotations:
D:4 Sigmund


Innate Abilities, Weirdness & Mutations

You have extremely sharp teeth.
Your natural rate of healing is unusually fast.
When hurt, damage is shared between your health and your magic reserves.
Your bite disrupts and absorbs the magic of your enemies.
Potions cannot restore your health.


Message History

The killer bee stings you.
* * * LOW HITPOINT WARNING * * *
The killer bee buzzes angrily.
The killer bee stings you but does no damage.
The killer bee attacks as it pursues you!
The killer bee stings you.
* * * LOW HITPOINT WARNING * * *
The killer bee barely misses you.
Things that are here:
a +0 halberd; a gnoll corpse The killer bee closely misses you.
There is a stone staircase leading up, spattered with blood here.
The killer bee closely misses you. The killer bee stings you.
* * * LOW HITPOINT WARNING * * *
You fly upwards.
Level annotation: Sigmund
There is a stone staircase leading down here.
You hit the killer bee. Your bite misses the killer bee.
The killer bee is moderately wounded.
The killer bee barely misses you.
You hit the killer bee but do no damage.
Your bite misses the killer bee.
The killer bee is moderately wounded.
The killer bee stings you.
* * * LOW HITPOINT WARNING * * *
You are poisoned.
The killer bee poisons you! The killer bee stings you.
* * * LOW HITPOINT WARNING * * *
You are lethally poisoned!
The killer bee poisons you!
It was a potion of attraction.
You feel attractive to monsters.
* * * LOW HITPOINT WARNING * * *
You feel very sick. The killer bee closely misses you. x2
Okay, then.
You hit the killer bee but do no damage.
Your bite misses the killer bee.
The killer bee is moderately wounded.
You die...

#..#...#..........#
#..##..#...g......# #...W#
#..##'##..........# #....#
#......#..†...g...# #....#
#......'..........# #....#
#..#...#.......g..# #....####
####.#'#....#####g# #....#...
#........#...y.#######....+...
#....#'###...@##.....#....#...
#....#..'.....#......#....#...
#....#..#.....'......'....'...
#....#..##....########....#...
##########....#...........#...
#...#.....#...........#...
#...#.....#...........#...
#########..#####+#...........#...
...........##......###########...


You could see a killer bee and a gnoll.

Vanquished Creatures
  2 iguanas (D:4)
  An orc wizard (D:3)
  2 gnolls (D:5)
  2 adders
  2 dart slugs
  A ribbon worm (D:4)
  3 orcs (D:3)
  6 endoplasms
  6 giant cockroaches
  12 goblins
  3 hobgoblins
  2 jackals (D:2)
  5 kobolds
  6 quokkas
  6 ball pythons
  3 bats
  A frilled lizard (D:1)
  2 rats
65 creatures vanquished.

Notes
Turn   | Place    | Note
-------+----------+-------------------------------------------
     0 | D:1      | Autsider the Vine Stalker Warper began the quest for the
                  | Orb.
     0 | D:1      | Reached XP level 1. HP: 11/11 MP: 4/4
    61 | D:1      | Reached skill level 1 in Stealth
    61 | D:1      | Reached XP level 2. HP: 15/15 MP: 6/6
   277 | D:1      | Reached XP level 3. HP: 18/18 MP: 5/7
   765 | D:2      | Reached XP level 4. HP: 21/23 MP: 8/8
  1007 | D:3      | You are sucked into a shaft and drop 1 floor!
  1028 | D:4      | Noticed a phantom
  1052 | D:4      | Found Goaho's Vocational Training.
  1655 | D:4      | Reached XP level 5. HP: 28/28 MP: 7/9
  1863 | D:4      | Noticed an ogre
  2027 | D:4      | Noticed Sigmund
  2048 | D:5      | Entered Level 5 of the Dungeon
  2105 | D:5      | Found Zynoeg's Antique Weapon Emporium.
  2127 | D:4      | HP: 1/28 [poisoned by a killer bee]
  2128 | D:4      | Succumbed to a killer bee's poison

Illustrated notes

Levels and vault maps discovered:
D:1:      saegor_arrival_simple_a, layout_rooms, minmay_pentomino_u4
D:2:      layout_rooms
D:3:      layout_loops_cross
D:4:      layout_gridville, nicolae_shop_vocational, uniq_sigmund
D:5:      layout_loops_ring, minmay_temple_entry_hall, serial_shops,
          nicolae_shop_advertising_works [nicolae_subvault_shop_adworks],
          st_stairs_4, uniq_duvessa

Skill      XL: |  1  2  3  4  5 |
---------------+----------------+-----
Fighting       | 2 3 |  3.3
Short Blades   | 2 3 |  3.2
Stealth        | 1 2 3 |  3.8
Throwing       | |  0.8
Armour         | |  0.7
Dodging        | |  1.5
Spellcasting   | |  2.1
Translocations | |  3.0

Action                     |  1- 3 |  4- 6 || total
---------------------------+-------+-------++-------
  Melee: Short sword       |   120 |   102 ||   222
         Bite              |    28 |    24 ||    52
    Use: Scroll            |       |     1 ||     1
         Potion            |       |     1 ||     1
   Stab: Sleeping          |     1 |     3 ||     4
 Armour: Leather armour    |    65 |    82 ||   147
  Dodge: Dodged            |    58 |    61 ||   119

Table legend: (Time is in decaauts)
 A = Elapsed time spent in this place.
 B = Non-inter-level travel time spent in this place.
 C = Inter-level travel time spent in this place.
 D = Time resting spent in this place.
 E = Time spent auto-exploring this place.
 F = Levels seen in this place.
 G = Mean time per level.
                   A        B        C        D        E       F      G
               +--------+--------+--------+--------+--------+-----+--------+
         Total |   2101 |   2057 |     44 |     33 |   1425 |   5 |  420.2 |
       Dungeon |   2101 |   2057 |     44 |     33 |   1425 |   5 |  420.2 |
               +--------+--------+--------+--------+--------+-----+--------+

Top non-repeatable levels by time:
     D:3: 589 daAuts
     D:2: 519 daAuts
     D:1: 464 daAuts
     D:4: 457 daAuts
     D:5: 70 daAuts
